 Dungeon Crawl Stone Soup version 0.25-a0-156-g0c4bda3fdf (webtiles) character file.

Game seed: 6523996433730267285, levelgen mode: deterministic

721 Leeroy the Skirmisher (level 7, -4/64 HPs)
             Began as a Red Draconian Skald on Nov 20, 2019.
             Killed from afar by Pikel (18 damage)
             ... with a bolt of acid
             ... on level 5 of the Dungeon.
             The game lasted 00:09:13 (4785 turns).

Leeroy the Skirmisher (Red Draconian Skald)         Turns: 4785, Time: 00:09:13

Health: -4/64      AC:  4    Str: 13    XL:     7   Next: 42%
Magic:  10/10      EV: 12    Int: 14    God:
Gold:   232        SH:  0    Dex: 12    Spells: 3/10 levels left

rFire    + . .     SeeInvis .   r - +1 flail (crush)
rCold    . . .     Gourm    .   (no shield)
rNeg     . . .     Faith    .   (armour unavailable)
rPois    .         Spirit   .   (helmet restricted)
rElec    .         Reflect  .   (no cloak)
rCorr    .         Harm     .   w - +0 pair of gloves
MR       .....                  k - +0 pair of boots
Stlth    +.........             (no amulet)
HPRegen  0.20/turn              (no ring)
MPRegen  0.12/turn              (no ring)

@: short of breath, corroded
A: breathe fire, unfitting armour, fire resistance 1, cold-blooded, AC +6
a: Breathe Fire


You were on level 5 of the Dungeon.
You were not hungry.

You visited 1 branch of the dungeon, and saw 5 of its levels.
You also visited: Ossuary.

You collected 232 gold pieces.

Inventory:

Hand Weapons
 a - a +0 falchion
 h - a +0 dagger
 r - a +1 flail of crushing (weapon)
Missiles
 i - 34 sling bullets
 j - 15 poisoned darts
 p - 2 boomerangs (quivered)
 s - 71 stones
Armour
 k - a +0 pair of boots (worn)
 w - a +0 pair of gloves (worn)
Jewellery
 d - an uncursed ring of poison resistance {unknown}
 f - an uncursed amulet of guardian spirit {unknown}
 l - an uncursed ring of flight {unknown}
 t - an uncursed ring of protection from fire {unknown}
Wands
 u - a wand of iceblast (7)
Scrolls
 b - a scroll of amnesia {unknown}
 e - a scroll of enchant armour {unknown}
 g - a scroll of random uselessness {unknown}
 m - 2 scrolls of fog {unknown}
 o - 5 scrolls of identify {unknown}
 q - 3 scrolls of remove curse {unknown}
 x - a scroll of fear {unknown}
 y - a scroll of immolation {unknown}
Potions
 n - a potion of flight {unknown}
 v - a potion of ambrosia {unknown}
 z - a potion of lignification {unknown}
 A - a potion of might {unknown}
Comestibles
 c - 6 rations
 B - 6 chunks of flesh


   Skills:
 + Level 6.7 Fighting
 - Level 6.1 Long Blades
 - Level 2.1 Dodging
 - Level 2.0 Spellcasting
 - Level 2.6 Charms


You had 3 spell levels left.
You knew the following spells:

 Your Spells              Type           Power        Failure   Level  Hunger
a - Infusion              Chrm           #...         8%          1    ##.....
b - Spectral Weapon       Hex/Chrm       #.......     38%         3    ####...
c - Regeneration          Chrm/Necr      #.........   38%         3    ####...

Your spell library contained the following spells:

 Spells                   Type           Power        Failure   Level  Hunger
 Song of Slaying          Chrm           #.......     12%         2    ###....
 Shroud of Golubria       Chrm/Tloc      #.....       21%         2    ###....


Dungeon Overview and Level Annotations

Branches:
Dungeon (5/15)            Ossuary (visited)
 Temple: D:4-7

Altars:
Nemelex Xobeh

Annotations:
D:5 Pikel


Innate Abilities, Weirdness & Mutations

You can breathe blasts of fire.
Your fiery red scales are hard. (AC +6)
You cannot fit into any form of body armour.
Your flesh is heat resistant. (rF+)
You are cold-blooded and may be slowed by cold attacks.


Message History

Pikel hits you with a +1 whip of freezing!
Pikel freezes you.
Pikel hits you with a +1 whip of freezing.
Pikel freezes you.
An orc comes into view. It is wielding a +0 dagger.
Unknown command.
You thump Pikel! You tail-slap Pikel, but do no damage.
Pikel is severely wounded.
Pikel zaps a wand.
The bolt of acid hits you! The acid corrodes you!
You are splashed with acid!
* * * LOW HITPOINT WARNING * * *
An orc priest comes into view. It is wielding a +0 morningstar.
The orc moves out of view.
Okay, then.
The orc priest shouts!
You hit Pikel but do no damage. You tail-slap Pikel, but do no damage.
Pikel is severely wounded.
You hear a shout!
Pikel zaps a wand.
The bolt of acid hits you!!
You die...

### #..
#.####
#....
#..#
#@K#
##.....#
.....#
o....#
.....#
.#####
o# .o


You could see Pikel, an orc priest and 2 orcs.

Vanquished Creatures
  3 elf zombies (Ossuary)
  A howler monkey (D:4)
  A centaur zombie (Ossuary)
  A hound (D:4)
  A human zombie (Ossuary)
  An orc priest (D:2)
  An orc wizard (D:3)
  A worker ant (D:4)
  A big kobold zombie (Ossuary)
  2 hound zombies (Ossuary)
  A hound skeleton (D:4)
  3 mummies (Ossuary)
  A howler monkey skeleton (D:4)
  5 adders
  4 oozes
  6 adder zombies (Ossuary)
  2 dart slugs
  A worm (D:2)
  6 orcs
  11 bats
  5 giant cockroaches
  A gnoll zombie (Ossuary)
  12 goblins
  10 hobgoblins
  7 jackals
  A quokka (D:4)
  7 frilled lizards
  4 goblin zombies
  7 hobgoblin zombies (Ossuary)
  8 kobolds
  5 kobold zombies (Ossuary)
  An orc zombie (Ossuary)
  6 quokka zombies
  9 rats
136 creatures vanquished.

Notes
Turn   | Place    | Note
-------+----------+-------------------------------------------
     0 | D:1      | Leeroy the Draconian Skald began the quest for the Orb.
     0 | D:1      | Reached XP level 1. HP: 17/17 MP: 3/3
    88 | D:1      | Reached XP level 2. HP: 17/24 MP: 5/5
   281 | D:1      | Reached XP level 3. HP: 19/29 MP: 6/6
  1462 | D:2      | Reached XP level 4. HP: 33/36 MP: 7/7
  2380 | D:2      | Reached skill level 5 in Long Blades
  2389 | D:2      | Learned a level 3 spell: Spectral Weapon
  2393 | D:2      | Learned a level 3 spell: Regeneration
  2398 | D:3      | Reached XP level 5. HP: 40/41 MP: 5/8
  3156 | D:4      | Found a sand-covered staircase.
  3182 | Ossuary  | Entered an ossuary
  3506 | Ossuary  | Reached XP level 6. HP: 11/52 MP: 1/9
  4158 | Ossuary  | Reached skill level 5 in Fighting
  4227 | Ossuary  | Your scales start taking on a fiery red colour.
  4227 | Ossuary  | Reached XP level 7. HP: 38/61 MP: 4/10
  4227 | Ossuary  | Gained mutation: Your flesh is heat resistant. (rF+) [Red
                  | Draconian growth]
  4702 | D:4      | Found a sparkling altar of Nemelex Xobeh.
  4773 | D:4      | Noticed Pikel
  4782 | D:5      | Entered Level 5 of the Dungeon
  4785 | D:5      | Killed from afar by Pikel

Levels and vault maps discovered:
D:1:      dpeg_arrival_tiny_g, layout_basic
D:2:      layout_basic, first_ration
D:3:      layout_basic, minmay_between
D:4:      layout_basic, overflow_temple_1_default, enter_ossuary_4,
          fedhas_altar_fruit_tree, uniq_pikel
D:5:      layout_basic, kennysheep_small_spiral, bloody_trog

Skill      XL: |  1  2  3  4  5  6  7 |
---------------+----------------------+-----
Long Blades    | 3 4 5 6 |  6.1
Fighting       | 3 5 6 |  6.7
Dodging        | |  2.1
Spellcasting   | |  2.0
Charms         | |  2.6

Action                   |  1- 3 |  4- 6 |  7- 9 || total
-------------------------+-------+-------+-------++-------
Melee: Falchion          |   117 |    76 |       ||   193
       Tailslap          |    13 |    35 |     8 ||    56
       Flail             |       |   187 |    59 ||   246
 Cast: Infusion          |       |     2 |       ||     2
       Regeneration      |       |     3 |       ||     3
       Spectral Weapon   |       |     2 |       ||     2
 Abil: Breathe Fire      |       |       |     4 ||     4
  Use: Potion            |       |     1 |       ||     1
  Eat: Chunk             |     1 |     6 |     2 ||     9
       Ration            |       |     2 |       ||     2
Armor: Skin              |    44 |   105 |    46 ||   195
Dodge: Dodged            |    83 |   169 |    67 ||   319
       Rpst.: Falchion   |    27 |    17 |       ||    44

Table legend:
 A = Non-vault XP
 B = Vault XP
 C = Vault XP percentage of total XP
 D = Non-vault monster count
 E = Vault monster count
 F = Vault count percentage of total count
                 A         B        C        D         E       F
            +---------+---------+-------+---------+---------+-------
      Total |     467 |     563 |  54.7 |      91 |      45 |  33.1
            +---------+---------+-------+---------+---------+-------
        D:1 |      53 |       0 |   0.0 |      30 |       0 |   0.0
        D:2 |     107 |       0 |   0.0 |      25 |       0 |   0.0
        D:3 |      85 |       9 |   9.6 |      17 |       4 |  19.0
        D:4 |     222 |       2 |   0.9 |      19 |       2 |   9.5
    Ossuary |       0 |     552 | 100.0 |       0 |      39 | 100.0
            +---------+---------+-------+---------+---------+-------
